 Dungeon Crawl Stone Soup version 0.30-a0-782-ge64f9170bb (webtiles) character file.

Game seed: 12886171812746698293

53 kae the Digger (level 3, -2/19 HPs)
             Began as a Gargoyle Earth Elementalist on Mar 6, 2023.
             Killed from afar by an orc wizard (6 damage)
             ... with a puff of flame
             ... on level 2 of the Dungeon.
             The game lasted 00:01:10 (1255 turns).

kae the Digger (Gargoyle Earth Elementalist)        Turns: 1255, Time: 00:01:11

Health: -2/19      AC:  6    Str: 11    XL:     3   Next: 87%
Magic:  6/6        EV: 11    Int: 17    God:
Gold:   914        SH:  0    Dex: 10    Spells: 0/6 levels left

rFire   . . .      SeeInvis .    f - +0 whip (freeze)
rCold   . . .      Faith    .    (no shield)
rNeg    + . .      Spirit   .    a - +1 robe
rPois   ∞          Reflect  .    (no helmet)
rElec   +          Harm     .    (no cloak)
rCorr   .          Rampage  .    (no gloves)
Will    .....                    (no boots)
Stlth   ++                       (no amulet)
HPRegen 0.23/turn                (no ring)
MPRegen 0.10/turn                (no ring)

@: no status effects
A: sickness immunity, AC +3, negative energy resistance 1, electricity
resistance, torment resistance 1, petrification resistance
a: no special abilities


You were on level 2 of the Dungeon.
You visited 1 branch of the dungeon, and saw 2 of its levels.

You collected 914 gold pieces.


Innate Abilities, Weirdness & Mutations

You are immune to sickness and miasma.
Your stone body is resilient. (AC +3)
You are immune to poison.
You resist negative energy. (rN+)
You are resistant to electric shocks. (rElec)
You are resistant to unholy torment.
You are immune to petrification.


   Skills:
 - Level 1.5 Dodging
 - Level 2.1 Stealth
 + Level 2.4 Spellcasting
 * Level 1.8 Transmutations
 * Level 4.5 Earth Magic


You couldn't memorise any spells.
You knew the following spells:

 Your Spells              Type           Power      Damage    Failure   Level
a - Sandblast             Erth           34%        2d9       3%          1
b - Stone Arrow           Conj/Erth      18%        3d8       22%         3
c - Passwall              Tmut/Erth      10%        N/A       8%          2

Your spell library contained the following spells:

 Spells                   Type           Power      Damage    Failure   Level
 Apportation              Tloc           4%         N/A       19%         1
 Necrotise                Necr           8%         1d4       19%         1
 Summon Small Mammal      Summ           8%         N/A       19%         1
 Petrify                  Tmut/Erth      13%        N/A       45%         4

Inventory:

Hand Weapons
 f - a +0 whip of freezing (weapon)
   (You found it on level 1 of the Dungeon)
Missiles
 e - 31 stones
Armour
 a - a +1 robe (worn)
Scrolls
 d - a scroll of identify {@r1}
Potions
 b - 2 potions of magic
 c - a potion of invisibility {unknown}
 g - a potion of degeneration {unknown}
 k - a potion of mutation {!q}

Dungeon Overview and Level Annotations

Branches:
Dungeon (2/15) Zot: 10722

Altars:

#...<..# #......#
################ #......###
#.........^.....
###.)....###.##############
#......##..# #######.........##
#........####.###
#.#########...#################
#>...@[.....{.........
#################....#
##....... +........ ##.#####.
#.....{. #######....
#.......... #.####.....


There were no monsters in sight!


Message History

You lost 1 mp, and now have 5/6 mp.
Casting: Sandblast (safe; 3% risk of failure)
Confirm with . or Enter, or press ? or * to list all spells.
Aiming: Sandblast (safe; 3% risk of failure)
Press: ? - help, Shift-Dir - straight line, f/p - adder
Aim: an adder (heavily wounded, 70% to hit)
The blast of sand misses the adder.
The adder bites you but does no damage. 😎 MP[-1]
You lost 1 mp, and now have 4/6 mp.
Casting: Sandblast (safe; 3% risk of failure)
Confirm with . or Enter, or press ? or * to list all spells.
Aiming: Sandblast (safe; 3% risk of failure)
Press: ? - help, Shift-Dir - straight line, f/p - adder
Aim: an adder (heavily wounded, 70% to hit)
The blast of sand hits the adder.
The adder barely misses you. The adder bites you.
An adder is nearby! 😕 HP[-1] MP[-1]
You take 1 damage, and now have 18/19 hp.
You lost 1 mp, and now have 3/6 mp.
An adder is nearby!
Casting: Sandblast (safe; 3% risk of failure)
Confirm with . or Enter, or press ? or * to list all spells.
Aiming: Sandblast (safe; 3% risk of failure)
Press: ? - help, Shift-Dir - straight line, f/p - adder
Aim: an adder (severely wounded, 70% to hit)
The blast of sand misses the adder.
The adder bites you but does no damage. The adder barely misses you. 😕 MP[-1]
You lost 1 mp, and now have 2/6 mp.
An adder is nearby!
An adder is nearby!
Casting: Sandblast (safe; 3% risk of failure)
Confirm with . or Enter, or press ? or * to list all spells.
Aiming: Sandblast (safe; 3% risk of failure)
Press: ? - help, Shift-Dir - straight line, f/p - adder
Aim: an adder (severely wounded, 70% to hit)
The blast of sand hits the adder!
You kill the adder!
A ball python comes into view. 😎 HP[+1] MP[+3]
Your hp is fully restored (19).
You regained 3 mp, and now have 5/6 mp.
Unknown command.
A ball python is nearby!
An orc wizard and an orc come into view.
The orc wizard shouts!
You hear a shout!
The orc wizard moves out of view.
An orc comes into view. It is wielding a +0 trident.
The orc wizard casts a spell.
The orc wizard flickers and vanishes!
Deactivating autopickup; reactivate with Ctrl-A.
You hear a shout!
Casting: Sandblast (safe; 3% risk of failure)
Confirm with . or Enter, or press ? or * to list all spells.
You can't see any susceptible monsters within range! (Use Z to cast anyway.) Unknown command. 😎 MP[+1]
Your mp is fully restored (6).
An orc is nearby!
An orc is nearby!
Casting: Sandblast (safe; 3% risk of failure)
Confirm with . or Enter, or press ? or * to list all spells.
Aiming: Sandblast (safe; 3% risk of failure)
Press: ? - help, Shift-Dir - straight line, f - orc
Aim: an orc, wielding a +0 trident and wearing a +0 ring mail (84% to hit)
The blast of sand hits the orc!
You kill the orc! 😎 MP[-1]
You lost 1 mp, and now have 5/6 mp.
Casting: Sandblast (safe; 3% risk of failure)
Confirm with . or Enter, or press ? or * to list all spells.
You can't see any susceptible monsters within range! (Use Z to cast anyway.)
Casting: Sandblast (safe; 3% risk of failure)
Confirm with . or Enter, or press ? or * to list all spells.
You can't see any susceptible monsters within range! (Use Z to cast anyway.)
Casting: Sandblast (safe; 3% risk of failure)
Confirm with . or Enter, or press ? or * to list all spells.
You can't see any susceptible monsters within range! (Use Z to cast anyway.)
A magic dart appears from out of thin air!
The magic dart hits you! 😮 HP[-7]
You take 7 damage, and now have 12/19 hp.
MASSIVE DAMAGE!! (PAUSE) 😮 MP[+1]
Your mp is fully restored (6). 😮 HP[+1] 😮 HP[+1] 😕 HP[+1]
A puff of flame appears from out of thin air!
The puff of flame hits you!
Ouch! That really hurt!
* * * LOW HITPOINT WARNING * * *
😱 HP[-12]
You take 12 damage, and now have 3/19 hp.
MASSIVE DAMAGE!! (PAUSE) 😱 HP[+1]
You see here a +0 robe.
A puff of flame appears from out of thin air!
The puff of flame hits you.
You die...

Skill      XL: |  1  2 |
---------------+-------+-----
Transmutations | 1 |  1.8
Earth Magic    | 4 |  4.5
Dodging        | |  1.5
Stealth        | |  2.1
Spellcasting   | |  2.4

Action                     || total
---------------------------++-------
  Melee: Whip              ||     4
   Cast: Sandblast         ||    44
    Use: Scroll            ||     6
 Armour: Robe              ||     7
  Dodge: Dodged            ||    13

Levels and vault maps discovered:
D:1:      psy_arrival_radial01, layout_basic
D:2:      layout_basic

Notes
Turn   | Place    | Note
-------+----------+-------------------------------------------
     0 | D:1      | kae the Gargoyle Earth Elementalist began the quest for the
                  | Orb.
     0 | D:1      | Reached XP level 1. HP: 10/10 MP: 3/3
     0 | D:1      | magus.rc [v1.11.3]
    62 | D:1      | Reached skill level 1 in Transmutations
   135 | D:1      | Reached XP level 2. HP: 15/15 MP: 3/5
   202 | D:1      | Reached skill level 4 in Earth Magic
   774 | D:1      | Reached XP level 3. HP: 19/19 MP: 0/6
   778 | D:1      | Learned a level 3 spell: Stone Arrow
   781 | D:1      | Learned a level 2 spell: Passwall
   822 | D:1      | You pick up a book of Cantrips and begin reading...
   822 | D:1      | You add the spells Necrotise, Summon Small Mammal and
                  | Apportation to your library.
   925 | D:1      | Identified a scroll of acquirement
   925 | D:1      | Acquired 870 gold pieces
  1249 | D:2      | HP: 3/19 [something/puff of flame (12)]
  1255 | D:2      | Killed from afar by an orc wizard

Vanquished Creatures
  2 adders (D:2)
  A worm (D:2)
  An orc (D:2)
  3 ball pythons
  3 bats
  4 endoplasms (D:1)
  A giant cockroach (D:1)
  5 hobgoblins
  A quokka (D:1)
  A frilled lizard (D:1)
  A goblin (D:1)
  3 kobolds
  5 rats (D:1)
31 creatures vanquished.

Table legend:
 A = Non-vault XP
 B = Vault XP
 C = Vault XP percentage of total XP
 D = Non-vault monster count
 E = Vault monster count
 F = Vault count percentage of total count
                 A         B        C        D         E       F
            +---------+---------+-------+---------+---------+-------
      Total |      76 |       0 |   0.0 |      31 |       0 |   0.0
            +---------+---------+-------+---------+---------+-------
        D:1 |      35 |       0 |   0.0 |      23 |       0 |   0.0
        D:2 |      41 |       0 |   0.0 |       8 |       0 |   0.0
            +---------+---------+-------+---------+---------+-------

Illustrated notes

Table legend:
 A = Kills in this place as a percentage of kills in entire the game.
 B = Kills by you in this place as a percentage of kills by you in the entire game.
 C = Kills by friends in this place as a percentage of kills by friends in the entire game.
 D = Other kills in this place as a percentage of other kills in the entire game.
 E = Experience gained in this place as a percentage of experience gained in the entire game.
 F = Experience gained in this place divided by the number of levels of this place that you have seen.
                   A       B       C       D       E      F
               +-------+-------+-------+-------+-------+----------------------
         Total | 100.0 | 100.0 |   N/A |   N/A | 100.0 |  38.0
       Dungeon | 100.0 | 100.0 |   N/A |   N/A | 100.0 |  38.0
               +-------+-------+-------+-------+-------+----------------------

Table legend: (Time is in decaauts)
 A = Elapsed time spent in this place.
 B = Non-inter-level travel time spent in this place.
 C = Inter-level travel time spent in this place.
 D = Time resting spent in this place.
 E = Time spent auto-exploring this place.
 F = Levels seen in this place.
 G = Mean time per level.
                   A        B        C        D        E       F      G
               +--------+--------+--------+--------+--------+-----+--------+
         Total |   1276 |   1213 |     63 |      0 |   1016 |   2 |  638.0 |
       Dungeon |   1276 |   1213 |     63 |      0 |   1016 |   2 |  638.0 |
               +--------+--------+--------+--------+--------+-----+--------+

Top non-repeatable levels by time:
     D:1: 1004 daAuts
     D:2: 272 daAuts
